 Dungeon Crawl Stone Soup version 0.18-a0-1243-g9e52518 (webtiles) character file.

2166 Lathuz the Cleaver (level 9, 58/75 HPs)
             Began as a Minotaur Berserker on Feb 5, 2016.
             Was an Elder of Trog.
             Starved to death
             ... on level 7 of the Dungeon.
             The game lasted 00:11:11 (6370 turns).

Lathuz the Cleaver (Minotaur Berserker)             Turns: 6370, Time: 00:11:11

Health: 58/75      AC: 16    Str: 24    XL:     9   Next: 10%
Magic:  8/8        EV:  8    Int:  4    God:    Trog [****..]
Gold:   284        SH:  0    Dex: 11    Spells: 0 memorised, 8 levels left

rFire  . . .     SeeInvis .     s - +0 war axe (curse)
rCold  . . .     Gourm    .     o - +0 plate armour
rNeg   . . .     Faith    .     (no shield)
rPois  .         Spirit   .     (helmet restricted)
rElec  .         Dismiss  .     (no cloak)
rCorr  .         Reflect  .     F - +0 pair of gloves
SustAt .         Harm     .     (no boots)
MR     .....                    (no amulet)
Stlth  ..........               (no ring)
                                (no ring)

@: fainting, not resistant to hostile enchantments, extremely unstealthy
A: retaliatory headbutt, horns 2
a: Berserk, Trog's Hand, Brothers in Arms, Burn Spellbooks, Renounce Religion


You were on level 7 of the Dungeon.
You worshipped Trog.
Trog was greatly pleased with you.
You were fainting.

You visited 1 branch of the dungeon, and saw 7 of its levels.

You collected 284 gold pieces.

Inventory:

Hand Weapons
 s - a cursed +0 war axe (weapon)
Missiles
 k - 126 stones (quivered)
Armour
 o - a +0 plate armour (worn)
 F - a +0 pair of gloves (worn)
Jewellery
 y - an uncursed ring of sustain attributes {unknown}
 D - an uncursed amulet of magic regeneration {unknown}
Wands
 l - a wand of heal wounds (6/9)
 w - a wand of paralysis (10/24)
Scrolls
 a - a scroll of fear
 b - a scroll of magic mapping {unknown}
 e - 6 scrolls of identify
 f - 3 scrolls of enchant armour {unknown}
 g - a scroll of fog {unknown}
 r - a scroll of immolation {unknown}
 v - a scroll of blinking {unknown}
 z - a scroll of random uselessness {unknown}
 B - a scroll of recharging {unknown}
 E - a scroll of teleportation {unknown}
Potions
 d - 2 potions of heal wounds {unknown}
 h - 2 potions of curing {unknown}
 i - 3 potions of lignification
 j - 2 potions of magic {unknown}
 m - a potion of ambrosia {unknown}
 n - 2 potions of mutation {unknown}
 t - 2 potions of cancellation {unknown}
 u - a potion of might {unknown}
Comestibles
 c - 6 bread rations
 p - a beef jerky
 q - 4 meat rations
 C - 2 fruits


   Skills:
 + Level 5.9 Fighting
 - Level 10.1 Axes
 - Level 10.1 Armour
 - Level 2.1 Dodging


You had 8 spell levels left.
You didn't know any spells.

Dungeon Overview and Level Annotations

Branches:
Dungeon (7/15)             Temple (0/1) D:4

Altars:
Ashenzari
Cheibriados
Elyvilon
Gozag
Makhleb
Pakellas
Ru
Sif Muna
Trog
Yredelemnul
Zin


Innate Abilities, Weirdness & Mutations

You reflexively headbutt those who attack you in melee.
You have a pair of horns on your head.


Message History

The hungry ghost hits you.
You feel slightly more hungry.
You barely miss the hungry ghost.
The hungry ghost is heavily damaged.
The hungry ghost hits you.
You feel slightly more hungry.
You closely miss the hungry ghost. Your headbutt misses the hungry ghost.
The hungry ghost is moderately damaged.
The hungry ghost hits you.
You feel slightly more hungry.
You closely miss the hungry ghost.
The hungry ghost is moderately damaged.
The hungry ghost hits you.
You feel slightly more hungry.
You miss the hungry ghost.
The hungry ghost is moderately damaged.
The hungry ghost hits you.
You feel slightly more hungry.
You hit the hungry ghost but do no damage.
The hungry ghost is moderately damaged.
The hungry ghost hits you.
You miss the hungry ghost.
The hungry ghost is moderately damaged.
You have starved to death.
You die...

#. #. #. #+##
#.###.# ##...##
###.....###
##.....##
#.........#
##...$...## #.#
#.#...####.........#
#.#
#........†..@W.....+
#.#
#.....####.........#
#<###.....#
##.......##
#.........#
##..?..##
######.#### ##...##
#.# #+## #.# #.# #.#


You could see a hungry ghost.

Vanquished Creatures
  The ghost of yogakurto the Ducker, a novice HaEE of Pakellas (D:6)
  Grinder (D:4)
  Menkaure (D:5)
  A water moccasin (D:5)
  Duvessa (D:5)
  An orc warrior (D:6)
  3 ogres
  Dowan (D:5)
  A wyvern zombie (D:7)
  2 scorpions
  A crimson imp (D:6)
  3 hounds (D:4)
  A giant frog skeleton (D:5)
  3 orc priests (D:6)
  An orc wizard (D:3)
  An iguana (D:6)
  6 worker ants
  A worker ant zombie (D:5)
  12 adders
  7 gnolls
  An ooze (D:1)
  An adder skeleton (D:4)
  3 worms
  4 giant geckos
  15 orcs
  6 giant cockroaches
  7 goblins
  9 hobgoblins
  8 jackals
  4 kobolds
  4 ball pythons
  8 bats
  A giant gecko skeleton (D:4)
  3 giant newts
  7 rats
130 creatures vanquished.

Vanquished Creatures (others)
  A hungry ghost (D:6)
1 creature vanquished.

Grand Total: 131 creatures vanquished

Notes
Turn   | Place    | Note
--------------------------------------------------------------
     0 | D:1      | Lathuz the Minotaur Berserker began the quest for the Orb.
     0 | D:1      | Reached XP level 1. HP: 19/19 MP: 0/0
    73 | D:1      | Reached skill level 4 in Axes
   264 | D:1      | Reached XP level 2. HP: 16/26 MP: 1/1
   754 | D:2      | Reached skill level 5 in Axes
   975 | D:2      | Found a white marble altar of Elyvilon.
   990 | D:2      | Reached XP level 3. HP: 31/31 MP: 2/2
  1227 | D:2      | Found a deep blue altar of Sif Muna.
  1591 | D:2      | Reached ** piety under Trog
  2045 | D:3      | Reached skill level 6 in Axes
  2045 | D:3      | Reached XP level 4. HP: 39/39 MP: 3/3
  2304 | D:3      | Reached skill level 7 in Axes
  2304 | D:3      | Reached XP level 5. HP: 45/45 MP: 4/4
  2560 | D:3      | Reached *** piety under Trog
  2782 | D:3      | Found a sacrificial altar of Ru.
  2785 | D:3      | Found a snail-covered altar of Cheibriados.
  3420 | D:4      | Reached skill level 8 in Axes
  3426 | D:4      | Found a burning altar of Makhleb.
  3435 | D:4      | Reached XP level 6. HP: 46/51 MP: 5/5
  3475 | D:4      | Noticed Grinder
  3499 | D:4      | Killed Grinder
  3499 | D:4      | Reached skill level 9 in Axes
  3499 | D:4      | Reached XP level 7. HP: 57/57 MP: 6/6
  3503 | D:4      | Reached skill level 10 in Axes
  3734 | D:4      | Found a bloodstained altar of Trog.
  3814 | D:4      | Found a staircase to the Ecumenical Temple.
  3947 | D:5      | Entered Level 5 of the Dungeon
  3956 | D:5      | Noticed Duvessa
  3956 | D:5      | Noticed Dowan
  3968 | D:5      | Killed Duvessa
  3972 | D:5      | Killed Dowan
  3972 | D:5      | Reached skill level 5 in Fighting
  4454 | D:5      | Found an opulent altar of Gozag.
  4455 | D:5      | Found a glowing silver altar of Zin.
  4666 | D:5      | Noticed Menkaure
  4672 | D:5      | Killed Menkaure
  4672 | D:5      | Reached XP level 8. HP: 38/70 MP: 7/7
  4803 | D:5      | Found a shattered altar of Ashenzari.
  4867 | D:5      | Reached skill level 5 in Armour
  4869 | D:5      | Reached **** piety under Trog
  5446 | D:6      | Noticed yogakurto's ghost (novice HaEE)
  5458 | D:6      | Killed yogakurto's ghost
  5691 | D:6      | Found a basalt altar of Yredelemnul.
  5968 | D:6      | Reached XP level 9. HP: 67/75 MP: 8/8
  6124 | D:6      | Found an oddly glowing altar of Pakellas.
  6343 | D:7      | Reached skill level 10 in Armour
  6370 | D:7      | Starved to death

Vault maps used:
D:1:      minmay_arrival_wavy_path
D:2:      nicolae_overflow_crystal_walls, led_sif_pool
D:3:      nicolae_overflow_hidden_temple
D:4:      bloody_trog, kennysheep_mini, temple_hall, uniq_grinder
D:5:      grunt_temple_overflow_gold_and_silver, cheibrodos_ashenzari_chains,
          first_bread, uniq_menkaure, uniq_duvessa
D:6:      gammafunk_pakellas_cloud_experiment, basic_altar
D:7:      serial_shops, shop_scrolls, uniq_joseph

Action                   |  1- 3 |  4- 6 |  7- 9 || total
-------------------------+-------+-------+-------++-------
Melee: Hand axe          |    93 |    54 |       ||   147
       War axe           |       |    44 |   178 ||   222
Invok: Berserk           |     2 |     2 |     4 ||     8
       Trog's Hand       |       |     1 |     1 ||     2
       Burn Spellbooks   |       |       |     1 ||     1
  Use: Scroll            |     1 |       |     3 ||     4
  Eat: Chunk             |     4 |     7 |     6 ||    17
       Pizza             |     1 |       |       ||     1
       Fruit             |       |       |     3 ||     3
       Bread ration      |       |       |     1 ||     1
